 Dungeon Crawl Stone Soup version 0.27-a0-277-g024f7ef292 (webtiles) character file.

Game seed: 15127588006066602340

284 dolemite99 the Vexing (level 6, -1/47 HPs)
             Began as a Gnoll Arcane Marksman on Feb 6, 2021.
             Was an Initiate of Makhleb.
             Slain by Prince Ribbit (13 damage)
             ... on level 4 of the Dungeon.
             The game lasted 00:05:36 (7383 turns).

dolemite99 the Vexing (Gnoll Arcane Marksman)       Turns: 7383, Time: 00:05:36

Health: -1/47      AC:  6    Str: 12    XL:     6   Next: 29%
Magic:  11/11      EV: 10    Int: 12    God:    Makhleb [......]
Gold:   292        SH:  0    Dex: 12    Spells: 10/11 levels left

rFire    . . .     SeeInvis .   a - +0 hunting sling
rCold    . . .     Faith    .   (no shield)
rNeg     . . .     Spirit   .   q - +0 scale mail (curse)
rPois    .         Reflect  .   (no helmet)
rElec    .         Harm     .   (no cloak)
rCorr    .         Rampage  .   (no gloves)
Will     ++...                  (no boots)
Stlth    ..........             (no amulet)
HPRegen  0.15/turn              (no ring)
MPRegen  0.12/turn              (no ring)

@: no status effects
A: distributed training, fangs 1, blink, strong-willed 2, evolution 2,
MP-powered wands, strong nose
a: Blink, Renounce Religion


You were on level 4 of the Dungeon.
You worshipped Makhleb.
Makhleb was noncommittal.
You visited 1 branch of the dungeon, and saw 5 of its levels.

You collected 292 gold pieces.

Inventory:

Hand Weapons
 a - a +0 hunting sling (weapon)
 A - a +0 hand crossbow
 D - a +0 hunting sling
 F - a +1 hand axe of freezing
Missiles
 b - 140 stones (quivered ammo)
 d - 2 sling bullets
 h - 39 arrows
 x - 19 poisoned darts
Armour
 e - a +0 robe
 i - a +0 ring mail
 q - a cursed +0 scale mail (worn)
 t - a +0 plate armour
 C - a +0 chain mail
Jewellery
 m - an uncursed amulet of magic regeneration {unknown}
 s - an uncursed ring of see invisible
Wands
 o - a wand of digging (5)
 w - a wand of mindburst (9)
Scrolls
 c - 2 scrolls of fog {unknown}
 j - 4 scrolls of teleportation {unknown}
 n - 2 scrolls of amnesia {unknown}
 p - 4 scrolls of identify {unknown}
 r - a scroll of magic mapping {unknown}
 u - 3 scrolls of remove curse {unknown}
 y - a scroll of enchant weapon {unknown}
 B - a scroll of immolation {unknown}
Potions
 f - a potion of brilliance {unknown}
 g - a potion of mutation
 k - a potion of haste {unknown}
 l - a potion of curing
 v - a potion of invisibility {unknown}
 z - a potion of might {unknown}
 E - a potion of degeneration {unknown}
 G - a potion of attraction {unknown}


   Skills:
 + Level 3.2 Fighting
 + Level 1.9 Short Blades
 + Level 1.9 Long Blades
 + Level 1.9 Axes
 + Level 1.9 Maces & Flails
 + Level 1.9 Polearms
 + Level 1.9 Staves
 + Level 4.9 Slings
 + Level 1.9 Bows
 + Level 1.9 Crossbows
 + Level 1.9 Throwing
 + Level 1.9 Armour
 + Level 4.9 Dodging
 + Level 1.9 Stealth
 + Level 1.9 Shields
 + Level 1.9 Unarmed Combat
 + Level 3.4 Spellcasting
 + Level 1.5 Conjurations
 + Level 5.6 Hexes
 + Level 1.5 Summonings
 + Level 1.5 Necromancy
 + Level 1.5 Translocations
 + Level 1.5 Transmutations
 + Level 1.5 Fire Magic
 + Level 1.5 Ice Magic
 + Level 1.5 Air Magic
 + Level 1.5 Earth Magic
 + Level 1.5 Poison Magic
 + Level 2.1 Invocations
 + Level 1.9 Evocations


You had 10 spell levels left.
You knew the following spells:

 Your Spells              Type           Power        Failure   Level
a - Corona                Hex            16%          12%         1

Your spell library contained the following spells:

 Spells                   Type           Power        Failure   Level
 Slow                     Hex            15%          19%         2
 Inner Flame              Hex/Fire       10%          63%         3
 Portal Projectile        Hex/Tloc       20%          63%         3
 Cause Fear               Hex            7%           75%         4
 Leda's Liquefaction      Hex/Erth       5%           95%         4


Dungeon Overview and Level Annotations

Branches:
Dungeon (5/15)
 Temple: D:4-7

Altars:
Elyvilon
Hepliaklqana
Makhleb
Vehumet

Annotations:
D:4 Prince Ribbit


Innate Abilities, Weirdness & Mutations

Your experience applies equally to all skills.
You have very sharp teeth.
Your uncanny sense of smell can sniff out nearby items.
You can translocate small distances at will.
You are highly strong-willed. (Will++)
You rapidly evolve.
You expend magic power (3 MP) to strengthen your wands.


Message History

The quokka skeleton is lightly damaged.
An orc comes into view. It is wielding a +0 hand axe.
You shoot a stone. The stone misses Prince Ribbit.
Prince Ribbit blinks!
An ice beast comes into view.
You shoot a stone.
The stone barely misses the quokka skeleton.
You shoot a stone.
The stone completely misses the quokka skeleton.
The stone closely misses the orc.
Prince Ribbit blinks!
There is a stone staircase leading up here.
Prince Ribbit hits you.
You climb upwards.
There is a stone staircase leading down here.
You shoot a stone. The stone misses Prince Ribbit.
Prince Ribbit barely misses you. Prince Ribbit hits you!
Prince Ribbit hits you!
* * * LOW HITPOINT WARNING * * *
Prince Ribbit hits you!
You die...

#.............#
#.###########.#
#.# #.# ########
#.# #.# .......#
#.# #.# .......#
#.# #.# .......#
#.# ########)#
#..##### #.#
#........# ##.#
#@# #.######## #.#
#F# #.#
##.#############.#
#.#
.........(......>#
#.#
###.##########.###
#.# #.....# #.#
#.# #.....# #.#
#.# # ##....# #.#
#.# # #....# #.#
#.#


You could see Prince Ribbit.

Vanquished Creatures
  A bullfrog zombie (D:4)
  An orc wizard (D:4)
  8 gnolls (D:2)
  6 adders
  2 oozes (D:1)
  3 dart slugs
  3 leopard geckos
  4 orcs
  7 bats
  5 giant cockroaches
  6 goblins
  7 hobgoblins
  6 jackals
  10 kobolds
  2 ball pythons (D:2)
  7 frilled lizards
  6 rats
84 creatures vanquished.

Notes
Turn   | Place    | Note
-------+----------+-------------------------------------------
     0 | D:1      | dolemite99 the Gnoll Arcane Marksman began the quest for
                  | the Orb.
     0 | D:1      | Reached XP level 1. HP: 17/17 MP: 4/4
    72 | D:1      | Reached XP level 2. HP: 23/23 MP: 5/5
   324 | D:1      | Reached XP level 3. HP: 27/28 MP: 7/7
   630 | D:1      | Reached skill level 1 in Invocations
  1003 | D:2      | Reached skill level 1 in Short Blades
  1003 | D:2      | Reached skill level 1 in Long Blades
  1003 | D:2      | Reached skill level 1 in Axes
  1003 | D:2      | Reached skill level 1 in Maces & Flails
  1003 | D:2      | Reached skill level 1 in Polearms
  1003 | D:2      | Reached skill level 1 in Staves
  1003 | D:2      | Reached skill level 1 in Bows
  1003 | D:2      | Reached skill level 1 in Crossbows
  1003 | D:2      | Reached skill level 1 in Throwing
  1003 | D:2      | Reached skill level 1 in Armour
  1003 | D:2      | Reached skill level 1 in Stealth
  1003 | D:2      | Reached skill level 1 in Shields
  1003 | D:2      | Reached skill level 1 in Unarmed Combat
  1003 | D:2      | Reached skill level 1 in Evocations
  1418 | D:2      | Reached XP level 4. HP: 34/34 MP: 8/8
  1630 | D:2      | Reached skill level 1 in Conjurations
  1630 | D:2      | Reached skill level 1 in Summonings
  1630 | D:2      | Reached skill level 1 in Necromancy
  1630 | D:2      | Reached skill level 1 in Translocations
  1630 | D:2      | Reached skill level 1 in Transmutations
  1630 | D:2      | Reached skill level 1 in Fire Magic
  1630 | D:2      | Reached skill level 1 in Ice Magic
  1630 | D:2      | Reached skill level 1 in Air Magic
  1630 | D:2      | Reached skill level 1 in Earth Magic
  1630 | D:2      | Reached skill level 1 in Poison Magic
  1749 | D:2      | Found a white marble altar of Elyvilon.
  1841 | D:2      | Reached XP level 5. HP: 36/40 MP: 9/9
  2267 | D:2      | Gained mutation: You are strong-willed. (Will+) [potion of
                  | mutation]
  2267 | D:2      | Gained mutation: You evolve. [potion of mutation]
  2267 | D:2      | Gained mutation: You rapidly evolve. [potion of mutation]
  2267 | D:2      | Gained mutation: You are highly strong-willed. (Will++)
                  | [potion of mutation]
  2569 | D:1      | Gained mutation: You expend magic power (3 MP) to
                  | strengthen your wands. [evolution]
  4228 | D:3      | Found a burning altar of Makhleb.
  4230 | D:3      | Noticed a balrug
  4234 | D:3      | Noticed a smoke demon
  4234 | D:3      | Noticed a neqoxec
  4236 | D:3      | Became a worshipper of Makhleb the Destroyer
  4382 | D:3      | Found a radiant altar of Vehumet.
  4492 | D:3      | Found a hazy altar of Hepliaklqana.
  4721 | D:4      | Reached XP level 6. HP: 22/47 MP: 10/10
  6151 | D:4      | Gained mutation: You can translocate small distances at
                  | will. [evolution]
  7352 | D:5      | Entered Level 5 of the Dungeon
  7364 | D:5      | Noticed Prince Ribbit
  7368 | D:5      | Noticed an ice beast
  7383 | D:4      | Slain by Prince Ribbit

Illustrated notes

Levels and vault maps discovered:
D:1:      dpeg_arrival_shrine, layout_basic
D:2:      layout_loops_cross, old_standard_altar, hangedman_decor_diamond_cutter
D:3:      layout_loops_corners, general_overflow_altar, lemuel_round_altar,
          makhleb_altar_promises_db
D:4:      layout_basic
D:5:      layout_basic, grunt_temple_overflow_diamond, uniq_duvessa, uniq_ijyb,
          uniq_crazy_yiuf_cottage, uniq_prince_ribbit1

Skill      XL: |  1  2  3  4  5 |
---------------+----------------+-----
Invocations    | 1 2 |  2.1
Short Blades   | 1 |  1.9
Long Blades    | 1 |  1.9
Axes           | 1 |  1.9
Maces & Flails | 1 |  1.9
Polearms       | 1 |  1.9
Staves         | 1 |  1.9
Bows           | 1 |  1.9
Crossbows      | 1 |  1.9
Throwing       | 1 |  1.9
Armour         | 1 |  1.9
Stealth        | 1 |  1.9
Shields        | 1 |  1.9
Unarmed Combat | 1 |  1.9
Evocations     | 1 |  1.9
Spellcasting   | 3 |  3.4
Conjurations   | 1 |  1.5
Summonings     | 1 |  1.5
Necromancy     | 1 |  1.5
Translocations | 1 |  1.5
Transmutations | 1 |  1.5
Fire Magic     | 1 |  1.5
Ice Magic      | 1 |  1.5
Air Magic      | 1 |  1.5
Earth Magic    | 1 |  1.5
Poison Magic   | 1 |  1.5
Fighting       | 3 |  3.2
Slings         | |  4.9
Dodging        | |  4.9
Hexes          | |  5.6

Action                   |  1- 3 |  4- 6 || total
-------------------------+-------+-------++-------
 Fire: Hunting sling     |   109 |   296 ||   405
  Use: Potion            |       |     2 ||     2
Armor: Robe              |     3 |       ||     3
       Ring mail         |    18 |     2 ||    20
       Scale mail        |       |    77 ||    77
Dodge: Dodged            |    47 |    80 ||   127

Table legend: (Time is in decaauts)
 A = Elapsed time spent in this place.
 B = Non-inter-level travel time spent in this place.
 C = Inter-level travel time spent in this place.
 D = Time resting spent in this place.
 E = Time spent auto-exploring this place.
 F = Levels seen in this place.
 G = Mean time per level.
                   A        B        C        D        E       F      G
               +--------+--------+--------+--------+--------+-----+--------+
         Total |   7373 |   7236 |    137 |   3491 |   2689 |   5 | 1474.6 |
       Dungeon |   7373 |   7236 |    137 |   3491 |   2689 |   5 | 1474.6 |
               +--------+--------+--------+--------+--------+-----+--------+

Top non-repeatable levels by time:
     D:2: 2089 daAuts
     D:3: 1828 daAuts
     D:4: 1731 daAuts
     D:1: 1698 daAuts
     D:5: 26 daAuts
